 Dungeon Crawl Stone Soup version 0.29.1-1-gd02db6906a (webtiles) character file.

Game seed: 12343275060421369627

143 sanboga the Shield-Bearer (level 5, 0/47 HPs)
             Began as a Minotaur Fighter on Sept 27, 2022.
             Slain by an ogre
             ... wielding a +0 giant club
              (27 damage)
             ... on level 4 of the Dungeon.
             The game lasted 00:02:58 (3112 turns).

sanboga the Shield-Bearer (Minotaur Fighter)        Turns: 3112, Time: 00:02:58

Health: 0/47       AC:  7    Str: 22    XL:     5   Next: 4%
Magic:  4/4        EV:  9    Int:  5    God:
Gold:   154        SH:  6    Dex: 16    Spells: 4/4 levels left

rFire   . . .      SeeInvis .   a - +0 war axe
rCold   . . .      Faith    .   c - +1 buckler
rNeg    . . .      Spirit   .   b - +0 scale mail
rPois   .          Reflect  .   (helmet restricted)
rElec   .          Harm     .   (no cloak)
rCorr   .          Rampage  .   (no gloves)
Will    .....                   (no boots)
Stlth   ..........              (no amulet)
HPRegen 0.15/turn               m - +6 ring of dexterity
MPRegen 0.09/turn               (no ring)

@: no status effects
A: horns 2, retaliatory headbutt
a: no special abilities


You were on level 4 of the Dungeon.
You visited 1 branch of the dungeon, and saw 4 of its levels.

You collected 154 gold pieces.

Inventory:

Hand Weapons
 a - a +0 war axe (weapon)
Armour
 b - a +0 scale mail (worn)
 c - a +1 buckler (worn)
 n - a +0 plate armour
Jewellery
 m - a +6 ring of dexterity (left hand)
 o - a ring of ice
Scrolls
 e - 4 scrolls of fear
 g - 3 scrolls of identify
 h - a scroll of teleportation
 k - a scroll of magic mapping {unknown}
Potions
 d - 2 potions of might
 f - 2 potions of invisibility {unknown}
 i - 2 potions of brilliance {unknown}
 j - a potion of magic {unknown}
 l - a potion of mutation {unknown}
 q - a potion of haste {unknown}
 r - a potion of curing {unknown}


   Skills:
 + Level 4.4 Fighting
 * Level 4.4 Axes
 + Level 4.4 Armour
 + Level 4.5 Shields


You had 4 spell levels left.
You didn't know any spells.
Your spell library contained the following spells:

 Spells                   Type           Power      Damage    Failure   Level
 Freeze                   Ice            0%         1d3       87%         1
 Summon Small Mammal      Summ           0%         N/A       87%         1
 Call Canine Familiar     Summ           0%         N/A       99%         3
 Frozen Ramparts          Ice            0%         1d1       99%         3
 Summon Guardian Golem    Hex/Summ       0%         N/A       99%         3
 Hailstorm                Conj/Ice       0%         3d3       100%        4


Dungeon Overview and Level Annotations

Branches:
Dungeon (4/15)
 Temple: D:4-7

Altars:
Makhleb
Sif Muna


Innate Abilities, Weirdness & Mutations

You have a pair of horns on your head.
You reflexively headbutt those who attack you in melee.


Message History

You block the iguana's attack.
You hit the iguana.
The iguana is severely wounded.
The iguana bites you. x2
* * * LOW HITPOINT WARNING * * *
You hit the iguana. Your headbutt misses the iguana.
The iguana is severely wounded.
The iguana barely misses you.
You hit the iguana but do no damage.
The iguana is severely wounded.
You hear the slow hiss of a very distant avalanche of sand.
The iguana bites you but does no damage.
You barely miss the iguana. You headbutt the iguana.
The iguana is almost dead.
The iguana bites you but does no damage.
You block the iguana's attack.
You slash the iguana!
You kill the iguana!
You have reached level 5!
Found a burning altar of Makhleb.
Found a murky grey potion and a scroll labelled FYAZUCR MUSM.
There is a burning altar of Makhleb here.
k - a scroll labelled FYAZUCR MUSM You open the door.
There is an open door here.
Found a stone staircase leading down.
There is a stone staircase leading down here.
Found a stone staircase leading down.
Found a white potion.
You hear the slow hiss of an avalanche of sand very nearby.
Found a plate armour.
You see here a +0 plate armour.
n - a +0 plate armour You open the door.
An ogre comes into view. It is wielding a +0 giant club.
There is an open door here.
The ogre attacks as you move away!
The ogre hits you with a +0 giant club!!
Ouch! That really hurt!
You die...

.# #.# ##+# #.#
##...# .###
#.....# ##...#
.......## ##.##.#
........####...#.#
......O@'........#
........####...#.#
.......## ##.##.#
#.....# ####.##
##...# #...# ##+#
#.#.# #.# #...#
#.# ##.## ##.##
#.#


You could see an ogre.

Vanquished Creatures
  A hound (D:4)
  An iguana (D:4)
  3 adders
  3 orcs (D:3)
  2 endoplasms (D:3)
  2 giant cockroaches (D:1)
  6 goblins
  5 hobgoblins
  A quokka (D:1)
  6 ball pythons
  6 bats
  5 frilled lizards
  9 kobolds
  8 rats
58 creatures vanquished.

Notes
Turn   | Place    | Note
-------+----------+-------------------------------------------
     0 | D:1      | sanboga the Minotaur Fighter began the quest for the Orb.
     0 | D:1      | Reached XP level 1. HP: 19/19 MP: 0/0
   160 | D:1      | Reached XP level 2. HP: 27/27 MP: 1/1
   956 | D:2      | Reached XP level 3. HP: 30/33 MP: 2/2
  2123 | D:3      | Found a shimmering blue altar of Sif Muna.
  2190 | D:3      | Reached XP level 4. HP: 40/40 MP: 3/3
  3025 | D:4      | Reached XP level 5. HP: 14/47 MP: 4/4
  3033 | D:4      | Found a burning altar of Makhleb.
  3109 | D:4      | Noticed an ogre
  3112 | D:4      | Slain by an ogre

Illustrated notes

Levels and vault maps discovered:
D:1:      lemuel_arrival_rhombus, layout_basic
D:2:      layout_basic
D:3:      layout_loops_corners, led_sif_pool, bh_walls_and_bars
D:4:      layout_loops_corners, lemuel_crystal_altar,
          nicolae_dithmenos_the_darkroom, lightli_ossuary_entry_decrepit_ruins,
          cheibrodos_gnoll_hut, uniq_ijyb

Skill      XL: |  1  2  3  4 |
---------------+-------------+-----
Axes           | 3 4 |  4.4
Fighting       | 4 |  4.4
Armour         | 4 |  4.4
Shields        | 4 |  4.5

Action                   |  1- 3 |  4- 6 || total
-------------------------+-------+-------++-------
Melee: War axe           |    90 |    36 ||   126
       Headbutt          |    14 |     8 ||    22
  Use: Scroll            |       |     5 ||     5
Armor: Scale mail        |    47 |    14 ||    61
Dodge: Dodged            |    40 |    12 ||    52
Block: Buckler           |    18 |     8 ||    26
